 Dungeon Crawl Stone Soup version 0.15.2 (webtiles) character file.

18 glosham the Skirmisher (level 2, -1/24 HPs)
             Began as a Mummy Death Knight on Apr 3, 2018.
             Was a Follower of Yredelemnul.
             Slain by a quokka (3 damage)
             ... on Level 2 of the Dungeon.
             The game lasted 00:04:09 (256 turns).

glosham the Skirmisher (Mummy Death Knight)          Turns: 256, Time: 00:04:09

HP  -1/24        AC  3     Str 16      XL: 2   Next: 48%
MP   2/2         EV 10     Int 10      God: Yredelemnul [*.....]
Gold 26          SH  0     Dex 11      Spells:  0 memorised,  1 level left

rFire  x . .     SeeInvis .     a - +1 mace
rCold  + . .     Clarity  .     d - +0 leather armour
rNeg   + + +     rCorr    .     (no shield)
rPois  +         rRot     +     (no helmet)
rElec  .         Spirit   .     (no cloak)
SustAb .         Warding  .     (no gloves)
rMut   .         Stasis   .     (no boots)
Gourm  .                        (no amulet)
MR     .....                    (no ring)
                                (no ring)

@: not resistant to hostile enchantments, very unstealthy
A: no food or potions, fire vulnerability, restore body, cold resistance 1,
negative energy resistance 3, poison resistance, torment resistance, unbreathing
a: Animate Remains, Renounce Religion


You were on level 2 of the Dungeon.
You worshipped Yredelemnul.
Yredelemnul was aware of your devotion.
You were not hungry.

You visited 1 branch of the dungeon, and saw 2 of its levels.

You collected 26 gold pieces.

Inventory:

Hand weapons
 a - a +1 mace (weapon)
 b - a +0 hunting sling
Missiles
 f - 44 stones (quivered)
Armour
 d - a +0 leather armour (worn)
 e - a +0 robe
Scrolls
 c - a scroll of blinking {unknown}


   Skills:
 * Level 3.1 Fighting
 - Level 1.5 Maces & Flails
 - Level 0.7 Armour
 - Level 0.7 Dodging
 - Level 2.4 Invocations


You had one spell level left.
You didn't know any spells.

Dungeon Overview and Level Annotations

Branches:
Dungeon (2/15)

Altars:
Elyvilon


Innate Abilities, Weirdness & Mutations

You do not eat or drink.
Your flesh is vulnerable to fire.
Your flesh is cold resistant.
You are immune to negative energy.
Your system is resistant to poisons.
You are immune to unholy pain and torment.
You can survive without breathing.


Message History

You hit the adder.
The adder is moderately wounded.
The adder closely misses you. The adder bites you.
You hit the adder.
The adder is heavily wounded.
The adder bites you.
* * * LOW HITPOINT WARNING * * *
You sock the adder!
You kill the adder!
Yredelemnul accepts your kill.
Your Fighting skill increases to level 3!
You have reached level 2!
A rat comes into view.
You hit the rat.
You kill the rat!
Yredelemnul accepts your kill.
You open the door.
A hobgoblin comes into view.
The hobgoblin shouts!
Found a white marble altar of Elyvilon.
There is an open door here.
You sock the hobgoblin!
You kill the hobgoblin!
Yredelemnul accepts your kill.
There is an open door here.
A quokka comes into view.
You hit the quokka.
The quokka is lightly wounded.
The quokka bites you.
* * * LOW HITPOINT WARNING * * *
The quokka barely misses you.
You hit the quokka.
The quokka is heavily wounded.
The quokka bites you.
* * * LOW HITPOINT WARNING * * *
You barely miss the quokka.
The quokka is heavily wounded.
The quokka bites you.
You die...
Yredelemnul claims you as an undead slave.

*,,,,,,,* *##### *...,,,,* *....#
*....,,,*
###########....###.....,,*
.%...................!.,**
#######.###....##....#***
......#.##<....##....#
.####.#.##.####..r...####
.#.8#.#......##.@.......##**
.'..#.#..#.#.##...........,*
.####.#......##...###+###.,******
).....#...........# *.# *,,,,,,,,
.####.##....###...###.###...#****
.#.!#.##....# ###.'.._###...#
.'..#.##....# #.###.###...#
.##+#.###...# #.# *.# *,,,*****
......# #...# #.#**+#**,,,,,,,*


You could see a quokka.

Vanquished Creatures
  An adder (D:2)
  2 hobgoblins (D:2)
  A kobold (D:2)
  A bat (D:2)
  A giant newt (D:2)
  2 goblins
  A rat (D:2)
9 creatures vanquished.

Notes
Turn   | Place    | Note
--------------------------------------------------------------
     0 | D:1      | glosham, the Mummy Death Knight, began the quest for the Orb.
     0 | D:1      | Reached XP level 1. HP: 16/16 MP: 1/1
   221 | D:2      | Reached skill level 3 in Fighting
   221 | D:2      | Reached XP level 2. HP: 4/24 MP: 2/2
   240 | D:2      | Found a white marble altar of Elyvilon.
   255 | D:2      | HP: 2/24 [quokka (3)]
   256 | D:2      | Slain by a quokka

Action                   || total
-------------------------++-------
Melee: Mace              ||    32
  Use: Scroll            ||     4

Table legend:
 A = Turns spent in this place as a percentage of turns spent in the entire game.
 B = Non-inter-level travel turns spent in this place as a percentage of non-inter-level travel turns spent in the entire game.
 C = Inter-level travel turns spent in this place as a percentage of turns spent in this place.
 D = Turns resting spent in this place as a percentage of non-inter-level travel turns spent in this place.
 E = Turns spent auto-exploring this place as a percentage of non-inter-level travel turns spent in this place.
 F = Non-inter-level travel turns spent in this place divided by the number of levels of this place that you've seen.
                   A       B       C       D       E      F
               +-------+-------+-------+-------+-------+----------------------
         Total | 100.0 | 100.0 |   0.0 |   0.8 |   0.0 | 126.0
       Dungeon | 100.0 | 100.0 |   0.0 |   0.8 |   0.0 | 126.0
               +-------+-------+-------+-------+-------+----------------------

Table legend:
 A = Kills in this place as a percentage of kills in entire the game.
 B = Kills by you in this place as a percentage of kills by you in the entire game.
 C = Kills by friends in this place as a percentage of kills by friends in the entire game.
 D = Other kills in this place as a percentage of other kills in the entire game.
 E = Experience gained in this place as a percentage of experience gained in the entire game.
 F = Experience gained in this place divided by the number of levels of this place that you have seen.
                   A       B       C       D       E      F
               +-------+-------+-------+-------+-------+----------------------
         Total | 100.0 | 100.0 |  -nan |  -nan | 100.0 |  13.0
       Dungeon | 100.0 | 100.0 |  -nan |  -nan | 100.0 |  13.0
               +-------+-------+-------+-------+-------+----------------------

Vault maps used:
D:1:      tarquinn_simple_flora_water_e, serial_bayou_pond_e,
          minmay_stone_trees_small
D:2:      minmay_door_path, lemuel_doored_altar, serial_curves, eino_curves_04,
          eino_curves_01, first_bread
